General information
- name: BNet
- type: Ladder team game (AT/RT)
- host: Battle.net
- saver: lucatonietio
map: Cherryville
- players: 8
- length: 50:26
- speed: Fast
- version: 1.24 W3XP
- replay type: Public
» download(260 KB)
Players
team 1 (winner)
lucatonietio (
pink | 102 APM | 5122 actions | 50:26)
10 Dreadlord
3 Sleep
3 Vampiric Aura
1 Inferno
3 Carrion Swarm
10 Lich
3 Frost Nova
3 Frost Armor
1 Death and Decay
3 Dark Ritual
10 Death Knight
3 Death Coil
3 Unholy Aura
1 Animate Dead
3 Death Pact
1 Priestess of the Moon
1 Trueshot Aura
» actions
| Assign group hotkey | 99 | |
| Basic commands | 24 | |
| Build / train | 171 | |
| ESC pressed | 9 | |
| Enter build submenu | 84 | |
| Enter hero's abilities submenu | 32 | |
| Give item / drop item | 15 | |
| Remove unit from queue | 1 | |
| Right click | 1532 | |
| Select / deselect | 1682 | |
| Select group hotkey | 1120 | |
| Use ability | 353 | |
5122 total
» units
| Acolyte | 28 | |
| Ghoul | 14 | |
| Frost Wyrm | 15 | |
| Wisp | 6 | |
| Hippogryph | 3 | |
| Archer | 4 | |
| Crypt Fiend | 9 | |
79 total
» upgrades
| Creature Attack | 3 | |
| Creature Carapace | 3 | |
| Freezing Breath | 1 | |
| Hippogryph Taming | 2 | |
| Web | 1 | |
| Burrow | 1 | |
| Corrosive Breath | 1 | |
| Backpack | 1 | |
13 total
» buildings
| Crypt | 8 | |
| Altar of Darkness | 3 | |
| Ziggurat | 23 | |
| Tomb of Relics | 1 | |
| Necropolis | 7 | |
| Halls of the Dead | 5 | |
| Graveyard | 3 | |
| Nerubian Tower | 3 | |
| Black Citadel | 3 | |
| Sacrificial Pit | 3 | |
| Spirit Tower | 11 | |
| Boneyard | 5 | |
| Ancient of Wind | 2 | |
| Ancient of War | 2 | |
| Moon Well | 2 | |
| Ancient Protector | 2 | |
83 total
» build order
00:09 Crypt
00:12 Altar of Darkness
00:25 Ziggurat
01:02 Tomb of Relics
01:25 Ziggurat
03:20 Ziggurat
04:01 Necropolis
04:57 Halls of the Dead
04:57 Halls of the Dead
05:00 Graveyard
05:31 Nerubian Tower
05:31 Nerubian Tower
06:16 Graveyard
07:13 Ziggurat
07:17 Black Citadel
08:10 Sacrificial Pit
08:16 Ziggurat
08:18 Ziggurat
08:18 Ziggurat
08:19 Ziggurat
09:03 Spirit Tower
09:06 Spirit Tower
09:21 Spirit Tower
10:16 Boneyard
10:29 Boneyard
10:30 Boneyard
13:54 Spirit Tower
13:55 Spirit Tower
13:55 Nerubian Tower
14:21 Ancient of Wind
14:22 Ancient of War
14:25 Ancient of War
14:27 Ancient of Wind
16:12 Moon Well
16:13 Moon Well
17:41 Necropolis
18:11 Crypt
18:11 Crypt
18:35 Ancient Protector
18:37 Ancient Protector
20:38 Necropolis
24:53 Ziggurat
24:54 Ziggurat
24:55 Ziggurat
24:56 Ziggurat
25:55 Spirit Tower
25:56 Ziggurat
25:57 Ziggurat
25:57 Ziggurat
26:24 Halls of the Dead
29:30 Crypt
29:31 Crypt
29:33 Graveyard
29:38 Crypt
31:35 Necropolis
31:43 Ziggurat
31:44 Ziggurat
31:46 Spirit Tower
31:46 Spirit Tower
34:08 Crypt
34:11 Crypt
34:57 Sacrificial Pit
35:02 Altar of Darkness
36:43 Necropolis
36:59 Sacrificial Pit
37:05 Necropolis
37:15 Black Citadel
39:38 Boneyard
39:39 Boneyard
42:47 Necropolis
43:34 Ziggurat
43:36 Ziggurat
44:42 Ziggurat
44:43 Spirit Tower
46:15 Halls of the Dead
46:18 Spirit Tower
46:18 Ziggurat
47:54 Spirit Tower
47:56 Ziggurat
47:57 Halls of the Dead
50:22 Ziggurat
50:23 Altar of Darkness
» items
| Rod of Necromancy | 4 | |
| Potion of Healing | 2 | |
| Scroll of Town Portal | 9 | |
| Orb of Corruption | 1 | |
| Scroll of Healing | 3 | |
| Dust of Appearance | 1 | |
| Scroll of Protection | 1 | |
21 total
personality (
blue | 57 APM | 1872 actions | 32:59)
4 Warden
2 Fan of Knives
2 Shadow Strike
4 Keeper of the Grove
2 Force of Nature
2 Entangling Roots
1 Demon Hunter
1 Mana Burn
» actions
| Assign group hotkey | 14 | |
| Build / train | 148 | |
| Enter build submenu | 26 | |
| Enter hero's abilities submenu | 9 | |
| Remove unit from queue | 3 | |
| Right click | 880 | |
| Select / deselect | 477 | |
| Select group hotkey | 258 | |
| Use ability | 57 | |
1872 total
» units
| Wisp | 20 | |
| Archer | 27 | |
| Huntress | 5 | |
| Hippogryph | 32 | |
| Dryad | 23 | |
107 total
» upgrades
| Strength of the Moon | 3 | |
| Moon Armor | 5 | |
| Strength of the Wild | 5 | |
| Reinforced Hides | 5 | |
| Improved Bows | 1 | |
| Hippogryph Taming | 1 | |
| Marksmanship | 1 | |
| Abolish Magic | 1 | |
22 total
» buildings
| Altar of Elders | 1 | |
| Moon Well | 10 | |
| Ancient of War | 1 | |
| Hunter's Hall | 1 | |
| Tree of Ages | 2 | |
| Tree of Eternity | 1 | |
| Ancient of Wind | 1 | |
| Ancient of Lore | 1 | |
| Tree of Life | 3 | |
| Chimaera Roost | 2 | |
| Ancient of Wonders | 1 | |
24 total
» build order
00:06 Altar of Elders
00:08 Moon Well
00:23 Ancient of War
01:44 Moon Well
02:11 Moon Well
03:36 Hunter's Hall
03:52 Moon Well
04:21 Tree of Ages
04:45 Moon Well
06:28 Moon Well
06:30 Moon Well
07:05 Tree of Eternity
07:09 Ancient of Wind
08:32 Ancient of Lore
11:53 Tree of Life
14:41 Chimaera Roost
16:41 Chimaera Roost
18:12 Moon Well
18:16 Moon Well
21:31 Tree of Life
21:48 Ancient of Wonders
21:52 Moon Well
24:37 Tree of Life
26:40 Tree of Ages
h4r4kiri92 (
purple | 10 APM | 380 actions | 38:33)
4 Death Knight
2 Death Coil
2 Unholy Aura
» actions
| Assign group hotkey | 2 | |
| Build / train | 36 | |
| Enter build submenu | 12 | |
| Enter hero's abilities submenu | 4 | |
| Remove unit from queue | 3 | |
| Right click | 118 | |
| Select / deselect | 188 | |
| Select group hotkey | 1 | |
| Use ability | 16 | |
380 total
» units
| Acolyte | 2 | |
| Ghoul | 4 | |
| Gargoyle | 15 | |
| Mountain Giant | 3 | |
24 total
» upgrades
| Creature Attack | 2 | |
| Creature Carapace | 1 | |
3 total
» buildings
| Altar of Darkness | 1 | |
| Crypt | 2 | |
| Ziggurat | 6 | |
| Halls of the Dead | 1 | |
| Graveyard | 1 | |
| Tomb of Relics | 1 | |
12 total
» build order
00:06 Altar of Darkness
00:14 Crypt
00:17 Ziggurat
02:22 Halls of the Dead
03:00 Graveyard
03:05 Ziggurat
03:55 Crypt
04:39 Ziggurat
06:47 Tomb of Relics
08:19 Ziggurat
12:13 Ziggurat
12:14 Ziggurat
Stommper (
orange | 37 APM | 484 actions | 12:55)
3 Demon Hunter
2 Immolation
1 Evasion
» actions
| Assign group hotkey | 3 | |
| Build / train | 41 | |
| Enter build submenu | 14 | |
| Enter hero's abilities submenu | 3 | |
| Remove unit from queue | 1 | |
| Right click | 311 | |
| Select / deselect | 78 | |
| Select group hotkey | 4 | |
| Use ability | 29 | |
484 total
» units
» upgrades
| Strength of the Moon | 3 | |
| Moon Armor | 2 | |
| Improved Bows | 1 | |
| Marksmanship | 1 | |
7 total
» buildings
| Altar of Elders | 1 | |
| Moon Well | 5 | |
| Ancient of War | 1 | |
| Tree of Ages | 2 | |
| Hunter's Hall | 1 | |
| Tree of Eternity | 3 | |
| Ancient Protector | 4 | |
| Ancient of Wind | 1 | |
18 total
» build order
00:18 Altar of Elders
00:26 Moon Well
01:43 Ancient of War
02:02 Moon Well
03:25 Moon Well
04:10 Tree of Ages
04:10 Tree of Ages
05:18 Hunter's Hall
05:25 Moon Well
05:26 Moon Well
06:35 Tree of Eternity
06:35 Tree of Eternity
07:00 Ancient Protector
07:24 Ancient Protector
07:29 Ancient Protector
09:03 Ancient Protector
10:55 Ancient of Wind
team 2 (loser)

»
SAV-ZERO (
red | 37 APM | 1705 actions | 46:20)
10 Blademaster
3 Wind Walk
3 Critical Strike
3 Mirror Image
1 Bladestorm
» actions
| Basic commands | 17 | |
| Build / train | 137 | |
| Enter build submenu | 28 | |
| Enter hero's abilities submenu | 9 | |
| Right click | 641 | |
| Select / deselect | 736 | |
| Use ability | 137 | |
1705 total
» units
| Peon | 14 | |
| Grunt | 3 | |
| Troll Headhunter/Berserker | 37 | |
| Troll Batrider | 40 | |
| Raider | 6 | |
| Siege Engine | 1 | |
101 total
» upgrades
| Ranged Weapons | 3 | |
| Armor | 2 | |
| Liquid Fire | 1 | |
| Berserker Upgrade | 1 | |
| Spiked Barricades | 1 | |
| Reinforced Defenses | 1 | |
| Ensnare | 1 | |
| Melee Weapons | 1 | |
11 total
» buildings
| Altar of Storms | 1 | |
| Barracks | 1 | |
| Orc Burrow | 7 | |
| War Mill | 1 | |
| Stronghold | 1 | |
| Voodoo Lounge | 1 | |
| Beastiary | 2 | |
| Fortress | 1 | |
| Great Hall | 4 | |
| Watch Tower | 9 | |
28 total
» build order
00:06 Altar of Storms
00:09 Barracks
00:11 Orc Burrow
01:34 Orc Burrow
02:59 War Mill
03:55 Orc Burrow
04:38 Stronghold
06:23 Orc Burrow
06:26 Voodoo Lounge
07:10 Beastiary
07:18 Beastiary
08:13 Fortress
10:33 Great Hall
12:15 Watch Tower
12:22 Great Hall
12:26 Watch Tower
12:57 Watch Tower
13:23 Orc Burrow
13:35 Watch Tower
13:52 Orc Burrow
14:13 Watch Tower
17:18 Watch Tower
20:25 Orc Burrow
21:14 Watch Tower
24:48 Great Hall
25:58 Watch Tower
26:04 Watch Tower
39:43 Great Hall
» items
| Healing Salve | 4 | |
| Lesser Clarity Potion | 5 | |
| Scroll of Speed | 1 | |
| Potion of Healing | 1 | |
| Scroll of Town Portal | 1 | |
12 total
robika9 (
teal | 37 APM | 1619 actions | 43:28)
10 Mountain King
3 Storm Bolt
3 Bash
1 Avatar
3 Thunder Clap
» actions
| Assign group hotkey | 46 | |
| Basic commands | 292 | |
| Build / train | 136 | |
| Enter build submenu | 22 | |
| Enter hero's abilities submenu | 11 | |
| Give item / drop item | 4 | |
| Right click | 171 | |
| Select / deselect | 510 | |
| Select group hotkey | 319 | |
| Use ability | 107 | |
1619 total
» units
| Peasant | 11 | |
| Footman | 4 | |
| Rifleman | 6 | |
| Mortar Team | 5 | |
| Knight | 17 | |
| Siege Engine | 23 | |
66 total
» upgrades
| Gunpowder | 3 | |
| Armor | 3 | |
| Long Rifles | 1 | |
| Flare | 1 | |
| Lumber Harvesting | 2 | |
| Fragmentation Shards | 1 | |
| Animal War Training | 1 | |
| Barrage | 1 | |
| Plating | 3 | |
| Masonry | 2 | |
| Swords | 3 | |
21 total
» buildings
| Altar of Kings | 1 | |
| Farm | 11 | |
| Barracks | 1 | |
| Lumber Mill | 1 | |
| Blacksmith | 1 | |
| Keep | 1 | |
| Arcane Vault | 1 | |
| Workshop | 2 | |
| Castle | 1 | |
| Town Hall | 1 | |
| Scout Tower | 2 | |
| Guard Tower | 2 | |
25 total
» build order
00:11 Altar of Kings
00:18 Farm
00:25 Barracks
00:58 Farm
01:17 Lumber Mill
01:41 Farm
02:36 Blacksmith
03:38 Keep
03:57 Farm
04:42 Arcane Vault
07:28 Workshop
09:06 Farm
09:08 Castle
09:49 Farm
10:36 Town Hall
14:11 Scout Tower
14:42 Guard Tower
14:45 Scout Tower
15:40 Guard Tower
15:56 Workshop
17:10 Farm
17:54 Farm
18:39 Farm
19:24 Farm
20:27 Farm
» items
| Scroll of Regeneration | 8 | |
| Lesser Clarity Potion | 6 | |
| Scroll of Town Portal | 4 | |
| Potion of Healing | 6 | |
| Scroll of Healing | 2 | |
| Boots of Speed | 1 | |
| Potion of Lesser Invulnerability | 2 | |
| Orb of Fire | 1 | |
| Potion of Mana | 2 | |
32 total

»
bubo3110 (
green | 25 APM | 1247 actions | 50:25)
6 Archmage
3 Summon Water Elemental
2 Brilliance Aura
1 Mass Teleport
» actions
| Build / train | 116 | |
| Enter build submenu | 43 | |
| Enter hero's abilities submenu | 6 | |
| Remove unit from queue | 2 | |
| Right click | 570 | |
| Select / deselect | 450 | |
| Use ability | 60 | |
1247 total
» units
| Peasant | 11 | |
| Footman | 13 | |
| Rifleman | 14 | |
| Gryphon Rider | 46 | |
| Dragonhawk Rider | 7 | |
91 total
» upgrades
| Long Rifles | 1 | |
| Lumber Harvesting | 2 | |
| Storm Hammers | 1 | |
| Masonry | 1 | |
5 total
» buildings
| Altar of Kings | 1 | |
| Farm | 15 | |
| Barracks | 1 | |
| Lumber Mill | 2 | |
| Blacksmith | 1 | |
| Keep | 1 | |
| Gryphon Aviary | 2 | |
| Castle | 1 | |
| Town Hall | 2 | |
| Scout Tower | 3 | |
| Guard Tower | 2 | |
| Arcane Vault | 1 | |
| Arcane Tower | 1 | |
33 total
» build order
00:09 Altar of Kings
00:18 Farm
00:48 Barracks
01:03 Farm
01:39 Lumber Mill
01:46 Farm
03:03 Farm
03:09 Farm
03:51 Blacksmith
06:24 Farm
06:56 Keep
07:06 Farm
08:19 Farm
09:15 Farm
10:07 Gryphon Aviary
11:30 Farm
11:46 Castle
12:38 Farm
13:40 Town Hall
13:52 Farm
17:15 Farm
18:01 Farm
18:43 Farm
18:48 Scout Tower
20:13 Lumber Mill
20:35 Guard Tower
21:03 Scout Tower
24:52 Arcane Vault
24:54 Arcane Tower
30:16 Gryphon Aviary
31:50 Scout Tower
34:55 Guard Tower
48:51 Town Hall
» items
| Scroll of Town Portal | 4 | |
| Orb of Lightning | 1 | |
| Orb of Fire | 1 | |
6 total
dimadmitr (
yellow | 17 APM | 806 actions | 46:48)
3 Far Seer
2 Feral Spirit
1 Chain Lighting
2 Blademaster
1 Wind Walk
1 Mirror Image
4 Shadow Hunter
1 Serpent Ward
2 Hex
1 Healing Wave
» actions
| Basic commands | 1 | |
| Build / train | 68 | |
| Enter build submenu | 25 | |
| Enter hero's abilities submenu | 10 | |
| Remove unit from queue | 1 | |
| Right click | 349 | |
| Select / deselect | 305 | |
| Use ability | 46 | |
806 total
» units
| Peon | 9 | |
| Grunt | 6 | |
| Spirit Walker | 24 | |
39 total
» upgrades
| Pillage | 1 | |
| Spirit Walker Training | 2 | |
| Armor | 1 | |
| Melee Weapons | 2 | |
| Spiked Barricades | 2 | |
8 total
» buildings
| Barracks | 1 | |
| Altar of Storms | 1 | |
| Orc Burrow | 9 | |
| War Mill | 1 | |
| Stronghold | 1 | |
| Fortress | 1 | |
| Spirit Lodge | 3 | |
| Voodoo Lounge | 1 | |
| Tauren Totem | 1 | |
| Great Hall | 1 | |
20 total
» build order
00:11 Barracks
00:19 Altar of Storms
01:22 Orc Burrow
02:33 War Mill
04:27 Orc Burrow
04:29 Stronghold
05:34 Orc Burrow
07:25 Fortress
07:36 Spirit Lodge
12:08 Spirit Lodge
12:17 Voodoo Lounge
13:43 Spirit Lodge
13:49 Tauren Totem
15:51 Orc Burrow
15:59 Orc Burrow
17:02 Orc Burrow
17:07 Orc Burrow
19:07 Orc Burrow
19:11 Orc Burrow
36:14 Great Hall
» items
Chat log
(00:16 / Allies) lucatonietio: 100g?
(00:47 / Allies) h4r4kiri92: i take garygoel armee
(00:58 / Allies) lucatonietio: hero?
(01:02 / Allies) h4r4kiri92: dk
(03:12 / Allies) lucatonietio: stop follow mb?
(03:30 / Allies) personality: fuckin schoolstuff is disturbin can't play that way... -.-
(03:43 / Allies) personality: fuckn bad start grrr
(10:19 / Allies) lucatonietio: arc
(11:01 / Allies) lucatonietio: purple tp there
(11:12 / Allies) personality: help pls.--
(11:43 / Allies) lucatonietio: coming
(11:59 / Allies) personality: thx
(12:46 / Allies) Stommper: g2g soz
(12:53 / Allies) lucatonietio: go leave noob
(13:14 / Allies) h4r4kiri92: sry
(13:19 / Allies) h4r4kiri92: i have to go afk -.-
(13:22 / Allies) lucatonietio: fuck u
(20:52 / Allies) lucatonietio: buy tp for orange
(22:26 / Allies) lucatonietio: b
(28:48 / Allies) personality: me b
(29:37 / Allies) personality: doesn't look good...
(35:08 / Allies) h4r4kiri92: gl
(37:30 / All) lucatonietio: gG?
(46:10 / All) lucatonietio: gG
(46:18 / All) SAV-ZERO: fuck you???
(46:29 / All) bubo3110: lol we had nub team
(46:33 / All) lucatonietio: i had 1 afk
(46:35 / All) lucatonietio: 1 leaver
(46:37 / All) lucatonietio: 1 noob in team
(46:39 / All) lucatonietio: so fuck u
(46:52 / All) bubo3110: i had 2 nubs in team they did nothin
(47:25 / All) lucatonietio: 3 lvl 10
(49:34 / All) bubo3110: no gold :D
(49:37 / All) lucatonietio: u?
(49:50 / All) bubo3110: gg
(49:53 / All) lucatonietio: gG
(50:03 / All) lucatonietio: 1 have 6k
(50:11 / All) bubo3110: nice
(50:18 / All) lucatonietio: leave is ty